[Event "Late-Titled-Tuesday-Blitz-February-20-2024"]
[Site "Chess.com"]
[Date "2024.02.20"]
[Round "10"]
[White "TigrVShlyape"]
[Black "aistrel"]
[Result "1-0"]
[WhiteElo "2897"]
[BlackElo "2549"]
[TimeControl "180+1"]
[EndTime "15:55:25 PST"]
[Termination "TigrVShlyape won by resignation"]

1. d4 d5 2. Bf4 c5 3. e3 Nc6 4. c3 Bf5 5. Nd2 e6 6. Ngf3 Bd6 7. Bg3 Bxg3 8. hxg3 cxd4 9. exd4 a6 10. a4 h6 11.
Qb3 Qc7 12. Be2 Nf6 13. Qa3 Ne4 14. O-O Nxd2 15. Nxd2 h5 16. Nf3 Bg4 17. Rfe1 Qe7 18. a5 Qxa3 19. Rxa3 Bxf3 20. Bxf3 O-O-O 21. Raa1 Rd7 22. Be2 g6 23. Bd3 Kb8 24. f3 Na7 25. Kf2 Nc8 26.
Rh1 Nd6 27. g4 h4 28. g5 Rh5 29. f4 Rd8 30. Rh3 Rdh8 31. Kf3 Nf5 32. Rah1 Kc7 33. Bxf5 exf5 34. g3 hxg3 35. Rxh5 gxh5 36. Kxg3 Kd6 37.
Re1 f6 38. gxf6 Rf8 39. Kh4 Rxf6 40. Kxh5 Rf8 41. Kg5 Rg8+ 42. Kxf5 Rg2 43. b4 Rg3 44. Rc1 Rf3 45. Kg4 Rf2 46. Kg3 Re2 47. Rf1 Ke7 48. Kg4 Kf6 49. Rf3 Re4 50. Rh3 Re1 51.
Rh6+ Ke7 52. Rb6 Rc1 53. Rxb7+ Kd6 54. Rb6+ Kc7 55. Rxa6 Rxc3 56. b5 Rc4 57. Rc6+ Rxc6 58.
bxc6 Kxc6 59. f5 Kb5 60. f6 Kxa5 61. f7 Kb4 62. f8=Q+ Kc4 63. Qc5+ 1-0

[Event "Late-Titled-Tuesday-Blitz-February-20-2024"]
[Site "Chess.com"]
[Date "2024.02.20"]
[Round "10"]
[White "BardArtem"]
[Black "BabageldiAnnaberdiyev"]
[Result "1-0"]
[WhiteElo "2778"]
[BlackElo "2612"]
[TimeControl "180+1"]
[EndTime "15:55:30 PST"]
[Termination "BardArtem won by resignation"]

1. e4 e6 2. d4 d5 3. Nc3 Nf6 4.
exd5 exd5 5. Bg5 Bb4 6. Ne2 O-O 7. a3 Bxc3+ 8. Nxc3 c6 9. Qf3 Nbd7 10. O-O-O h6 11. Bh4 Re8 12. Bd3 Nf8 13. Rde1 Be6 14. Ne2 Bg4 15.
Bxf6 Bxf3 16. Bxd8 Bxe2 17. Bxe2 Raxd8 18. Kd2 Ne6 19. c3 Nc7 20. h4 Kf8 21. Bd3 Rxe1 22. Rxe1 Ne8 23. b3 Nd6 24. f3 Re8 25. Rg1 Re7 26.
g4 g6 27. c4 dxc4 28. bxc4 Rd7 29. c5 Ne8 30. Kc3 Nf6 31. Bc4 h5 32. g5 Ng8 33.
Bd3 Ne7 34. Be4 Nd5+ 35. Bxd5 Rxd5 36. Rb1 Rd7 37. a4 Ke7 38. a5 Ke6 39. Re1+ Kf5 40. Re4 f6 41. gxf6 Kxf6 42. Re5 a6 43. Kd3 Rg7 44.
f4 Rd7 45. Ke4 Rd8 46. f5 gxf5+ 47. Rxf5+ Kg6 48. Rg5+ Kh6 49. Re5 Rg8 50. Re6+ Kh7 51. Re7+ Kh6 52. Rxb7 Rg4+ 53. Ke5 Rxh4 54. Rb6 Rh1 55.
Rxc6+ Kg5 56. Rxa6 h4 57. Ra8 h3 58. Rh8 h2 59. Kd6 Kf6 60. d5 Kg7 61. Rh3 Kg6 62.
c6 Kg5 63. c7 1-0

[Event "Late-Titled-Tuesday-Blitz-February-20-2024"]
[Site "Chess.com"]
[Date "2024.02.20"]
[Round "10"]
[White "rachidhuilda"]
[Black "campochess"]
[Result "1/2-1/2"]
[WhiteElo "2324"]
[BlackElo "2169"]
[TimeControl "180+1"]
[EndTime "15:55:30 PST"]
[Termination "Game drawn - insufficient material"]

1. d4 Nf6 2. Nf3 g6 3. e3 Bg7 4.
Be2 d6 5. O-O O-O 6. c4 Nc6 7.
Nc3 e5 8. dxe5 Nxe5 9. b3 Nfg4 10. Bb2 Nxf3+ 11. Bxf3 Qh4 12. Bxg4 Bxg4 13. f3 Be6 14. Qe1 Qxe1 15. Rfxe1 a6 16. Re2 Rfe8 17. Kf2 f5 18. Nd5 Bxb2 19. Rxb2 Bxd5 20. cxd5 c5 21. dxc6 bxc6 22.
Rd1 d5 23. Rc2 Re6 24. Rdc1 Rc8 25. Rc5 Kf7 26. Rxd5 Rce8 27. Rd3 Rb8 28. Rc4 Rb7 29. Rdc3 Rd7 30. Rc2 Rdd6 31. e4 fxe4 32. Rxe4 Rxe4 33. fxe4 Ke6 34. Ke3 Kd7 35. Rc5 Rd1 36. Ra5 Rg1 37. Rxa6 Rxg2 38. Ra7+ Kd6 39. Rxh7 Rxa2 40. Rh6 Rg2 41. h4 Ke5 42. Kf3 Rb2 43. Rxg6 Rxb3+ 44. Kg4 Rc3 45. Rg5+ Kxe4 46. h5 Ra3 47. h6 Ra8 48. Kh5 Kd4 49. h7 Rh8 50. Kh6 c5 51. Rg8 Rxh7+ 52. Kxh7 c4 53. Kg6 c3 54. Kf5 c2 55.
Rc8 Kd3 56. Kf4 Kd2 57. Rd8+ Ke2 58. Re8+ Kd2 59. Rd8+ Ke2 60. Rc8 Kd2 61. Rxc2+ Kxc2 1/2-1/2

[Event "Late-Titled-Tuesday-Blitz-February-20-2024"]
[Site "Chess.com"]
[Date "2024.02.20"]
[Round "10"]
[White "kylelancman"]
[Black "Ready4abattle"]
[Result "1-0"]
[WhiteElo "2442"]
[BlackElo "2274"]
[TimeControl "180+1"]
[EndTime "15:55:32 PST"]
[Termination "kylelancman won by checkmate"]

1. e4 c5 2. Nf3 Nc6 3. Bb5 e6 4.
O-O Nge7 5. b3 f6 6. Bb2 e5 7.
Re1 d6 8. Bc4 Ng6 9. c3 Nf4 10.
d4 cxd4 11. cxd4 Bg4 12. h3 Bh5 13. d5 Ne7 14. Bb5+ Kf7 15. Bc1 g5 16. Bxf4 Bxf3 17.
Qxf3 exf4 18. Nc3 Ng6 19. Rac1 h5 20. Ne2 Ne5 21. Qc3 Be7 22. Nd4 Qb6 23. a4 a6 24. Be2 Kg6 25. a5 Qa7 26. Nf5 Rh7 27. Qc7 Bf8 28. Qb6 Qxb6 29. axb6 g4 30. f3 g3 31. Rc3 Rd7 32. Rec1 Be7 33. Rc7 Bd8 34. Rxd7 Bxb6+ 35. Kf1 Nxd7 36. Nxd6 Be3 37. Rc7 Ne5 38.
Nf5 Nf7 39. Rxb7 Rc8 40. Bc4 Rc5 41. d6 Ra5 42. Bxf7+ Kh7 43. Bxh5+ Kg8 44. Rb8+ Kh7 45. Ke2 Ra2+ 46. Kd3 Rxg2 47. d7 Rd2+ 48. Kc4 Rxd7 49.
Nh4 Rc7+ 50. Kd5 Kh6 51. Bg6 Kg5 52. Rh8 g2 53. Rh5# 1-0

[Event "Late-Titled-Tuesday-Blitz-February-20-2024"]
[Site "Chess.com"]
[Date "2024.02.20"]
[Round "10"]
[White "gmtalentoso"]
[Black "janhelmer03"]
[Result "1/2-1/2"]
[WhiteElo "2451"]
[BlackElo "2296"]
[TimeControl "180+1"]
[EndTime "15:55:33 PST"]
[Termination "Game drawn - insufficient material"]

1. e4 c5 2. Nf3 d6 3. Bb5+ Bd7 4. Bxd7+ Qxd7 5. O-O g6 6. c3 Nf6 7. Re1 Bg7 8. d4 cxd4 9. cxd4 O-O 10. Nc3 Nc6 11. Bg5 Rab8 12. Qd2 b5 13. Nd5 Ne8 14. Rac1 Kh8 15.
Bh6 e6 16. Bxg7+ Kxg7 17. Nf4 Nf6 18. d5 exd5 19. Nxd5 Nxd5 20. Qxd5 Ne7 21. Qd4+ Kg8 22. Red1 Qe6 23. Qxd6 Rb6 24. Qxe6 Rxe6 25. Rd7 Rxe4 26. Rxa7 Nf5 27. g3 Re2 28. b4 Rb2 29. a3 Re8 30. Rcc7 Ree2 31. Rxf7 Rxf2 32. Nh4 Rxh2 33. Nxf5 Rbg2+ 34. Kf1 Rf2+ 35. Ke1 Rxf5 36. Rxf5 gxf5 37. Rb7 Ra2 38. Rxb5 Rxa3 39. Rxf5 Rxg3 40. b5 Rg2 41. Kf1 Rb2 42. Rc5 Kg7 43. Kg1 Kg6 44. Kf1 h5 45. Kg1 h4 46. Kh1 h3 47. Kg1 Kf6 48. Kh1 Ke6 49. Rh5 h2 50. Rh6+ Kd5 51. Rxh2 Rxh2+ 52. Kxh2 Kc5 53. Kg3 Kxb5 1/2-1/2

[Event "Late-Titled-Tuesday-Blitz-February-20-2024"]
[Site "Chess.com"]
[Date "2024.02.20"]
[Round "10"]
[White "HajiyevKanan"]
[Black "Godzillator"]
[Result "1-0"]
[WhiteElo "2481"]
[BlackElo "2321"]
[TimeControl "180+1"]
[EndTime "15:55:34 PST"]
[Termination "HajiyevKanan won on time"]

1. d4 d5 2. Nf3 e6 3. c4 Nf6 4. cxd5 exd5 5. Nc3 c6 6. Qc2 Be7 7. Bf4 O-O 8. e3 Nbd7 9. Bd3 Re8 10. O-O Nf8 11. Rab1 Bd6 12. Bg5 h6 13. Bh4 Bg4 14. b4 Bxf3 15. gxf3 a6 16. a4 Be7 17. Kh1 Nh5 18. Bg3 Nxg3+ 19. hxg3 Bd6 20. Kg2 Qf6 21. b5 axb5 22. axb5 Ne6 23. bxc6 bxc6 24. Ne2 Rec8 25. Bf5 Rc7 26. Bxe6 Qxe6 27. Rb6 Rac8 28. f4 Qd7 29. Qa4 c5 30. Qxd7 Rxd7 31. Rb5 Bf8 32. dxc5 Rxc5 33.
Rxc5 Bxc5 34. Rd1 f5 35. Kf3 Kf7 36. Rd3 Ke6 37. Rc3 Kd6 38. Rd3 Ke6 39. Kg2 g5 40. Kf3 Rd6 41. Rd1 Ra6 42. Rh1 Kf7 43. Rc1 Ra5 44.
Rd1 Ke6 45. Rh1 Bf8 46. Nd4+ Kf6 47. Rb1 Bc5 48. Nc6 Ra2 49. Re1 Rd2 50. Nb8 d4 51. Nd7+ Kg6 52. Nxc5 d3 53. Nb3 Rb2 54. Nd4 g4+ 55.
Kg2 d2 56. Rd1 Kf6 57. Kf1 1-0

[Event "Late-Titled-Tuesday-Blitz-February-20-2024"]
[Site "Chess.com"]
[Date "2024.02.20"]
[Round "10"]
[White "Mops_2004"]
[Black "scandalgod"]
[Result "1-0"]
[WhiteElo "2793"]
[BlackElo "2510"]
[TimeControl "180+1"]
[EndTime "15:55:35 PST"]
[Termination "Mops_2004 won by checkmate"]

1. g3 d5 2. Nf3 Nf6 3. Bg2 c6 4. O-O Bf5 5. c4 e6 6. Qb3 Qb6 7. d3 Nbd7 8. cxd5 exd5 9. Qc2 Be7 10. Nc3 O-O 11. e4 dxe4 12. dxe4 Bg6 13. Nh4 Rfe8 14. Bf4 Nc5 15. Nxg6 hxg6 16. e5 Nfd7 17. Be3 Qa5 18. a3 Ne6 19. f4 Bc5 20. Bxc5 Qxc5+ 21. Kh1 Nb6 22. Rac1 Rad8 23. b4 Qc4 24. Ne4 Qxc2 25. Rxc2 Rd3 26. Nd6 Re7 27. Rf3 Rxf3 28. Bxf3 Nd4 29.
Rc3 Nxf3 30. Rxf3 f6 31. Re3 Nd5 32. Re4 Kf8 33. Kg2 Nc3 34. Re1 a6 35. Kf3 Nb5 36.
Nxb5 axb5 37. e6 Re8 38. g4 Ke7 39. f5 Rd8 40. Re3 Rd4 41. Kg3 g5 42. h4 gxh4+ 43. Kxh4 Rd8 44. Kh5 Rd4 45. Rg3 Rd8 46. Kg6 Kf8 47.
Rh3 Ke7 48. Rh7 Rd4 49. Rxg7+ Kd6 50. Kxf6 Re4 51. Rd7# 1-0

[Event "Late-Titled-Tuesday-Blitz-February-20-2024"]
[Site "Chess.com"]
[Date "2024.02.20"]
[Round "10"]
[White "TenisMaster"]
[Black "Polish_fighter3000"]
[Result "0-1"]
[WhiteElo "2996"]
[BlackElo "3084"]
[TimeControl "180+1"]
[EndTime "15:55:37 PST"]
[Termination "Polish_fighter3000 won on time"]

1. e4 c5 2. Nf3 d6 3. Bc4 Nf6 4. d3 Nc6 5. c3 e6 6. Bb3 b5 7.
O-O Bb7 8. Re1 Be7 9. d4 O-O 10. Bf4 Rc8 11. a3 Qb6 12. Ba2 Rfe8 13. h3 h6 14. e5 dxe5 15. dxe5 Red8 16. Qe2 Nd5 17.
Bg3 b4 18. c4 Nc7 19. Nbd2 Nd4 20. Nxd4 cxd4 21. axb4 d3 22. Qg4 Bxb4 23. Bf4 Qd4 24.
Qg3 Kh8 25. Rab1 a5 26. Red1 a4 27. Be3 Qd7 28. Nf3 Be4 29. Qf4 Bh7 30. Bd2 Na6 31. Rbc1 Rb8 32. Bb1 Bxd2 33. Rxd2 Nc5 34. Rcd1 Nb3 35.
Rxd3 Bxd3 36. Rxd3 Qe7 37. Rd6 Nc5 38. Qd4 Nb7 39. c5 a3 40. Qe4 g6 41. bxa3 Nxc5 42. Qc2 Rxd6 43. exd6 Qxd6 44. Qc3+ Kg8 45. Bc2 Rd8 46. h4 Qd5 47. Qe3 Qc4 48. Qxh6 Qxc2 49. Ng5 Qc1+ 50. Kh2 Qf4+ 51. Kh3 Qf6 52. Qh7+ Kf8 0-1

[Event "Late-Titled-Tuesday-Blitz-February-20-2024"]
[Site "Chess.com"]
[Date "2024.02.20"]
[Round "10"]
[White "jaskol95"]
[Black "SharathRk6"]
[Result "0-1"]
[WhiteElo "2574"]
[BlackElo "2407"]
[TimeControl "180+1"]
[EndTime "15:55:37 PST"]
[Termination "SharathRk6 won by checkmate"]

1. e4 e5 2. Nf3 Nc6 3. Bc4 Bc5 4.
c3 Nf6 5. d4 exd4 6. cxd4 Bb4+ 7. Kf1 Nxe4 8. d5 Ne7 9. Qd4 Nf6 10. Bg5 Ng6 11. Nc3 O-O 12. d6 Bxd6 13. Nd5 Be7 14. Nxe7+ Qxe7 15. Re1 Qd6 16. Qxd6 cxd6 17. Bxf6 gxf6 18.
Nd4 d5 19. Bxd5 d6 20. h4 Bd7 21. h5 Nf4 22. Be4 Rfe8 23. Rh4 Ne6 24. Nf5 Ng5 25.
Nxd6 Re6 26. Nxb7 Rae8 27. f3 f5 28. Nc5 Bb5+ 29. Kf2 Re5 30. Nb3 fxe4 31. f4 e3+ 32. Kg1 Re4 33. Rg4 h6 34. Nc5 Rc4 35. Nd3 Bd7 36.
Rg3 Bf5 37. Ne5 Rxf4 38. Rgxe3 Re4 39. Rxe4 Bxe4 40. Nc4 Rb8 41. b3 Kg7 42. Nd6 Bd5 43.
Nf5+ Kh7 44. Rd1 Be6 45. Ne3 Rb6 46. Kf2 Ra6 47. Rd2 Ne4+ 48. Ke2 Nxd2 49. Kxd2 Rxa2+ 50. Kd3 Bxb3 51. Ke4 a5 52. Ke5 a4 53. Kf6 Rf2+ 54. Ke7 a3 55. Kf8 a2 56. Ng4 Rf4 57.
Nf6+ Rxf6 58. Ke7 Re6+ 59. Kf8 a1=Q 60. Kxf7 Qf6# 0-1

[Event "Late-Titled-Tuesday-Blitz-February-20-2024"]
[Site "Chess.com"]
[Date "2024.02.20"]
[Round "10"]
[White "Hui_Li_Macau"]
[Black "ahmedkandiliii"]
[Result "0-1"]
[WhiteElo "2345"]
[BlackElo "2497"]
[TimeControl "180+1"]
[EndTime "15:55:37 PST"]
[Termination "ahmedkandiliii won by resignation"]

1. e4 c6 2. d4 d5 3. Nd2 dxe4 4. Nxe4 Nf6 5. Nxf6+ exf6 6. c3 Bd6 7. Bd3 O-O 8.
Qc2 g6 9. Ne2 Re8 10. O-O Nd7 11. g3 Nf8 12. Bf4 Bh3 13. Rfe1 Ne6 14. Bxd6 Qxd6 15. f4 c5 16. Rad1 cxd4 17. Nxd4 Nxd4 18. cxd4 Qxd4+ 19. Kh1 Rac8 20. Rxe8+ Rxe8 21. Bf1 Bf5 22. Rxd4 Bxc2 23. Kg1 Re1 24. Kf2 Rb1 25. Rb4 b6 26. Bc4 Bf5 27. a3 Rc1 28. Bd5 Rc2+ 29. Kg1 Rd2 30. Bf3 Kg7 31. Rb3 Be6 32. Rb4 Bd5 33. Bxd5 Rxd5 34. Kf2 Rd2+ 35. Kg1 Kh6 36. h3 f5 37. Rb3 Kg7 38. Rb5 h5 39. a4 h4 40.
g4 fxg4 41. hxg4 h3 42. a5 bxa5 43. Rxa5 Rxb2 44. Rxa7 Rg2+ 45. Kh1 Rxg4 46. Kh2 Rxf4 47. Kxh3 Rf5 48. Kg4 Kh6 49. Ra8 Kg7 50. Ra7 Rb5 51. Kf4 Rb4+ 52. Kg5 Rb5+ 53. Kf4 g5+ 54. Kg4 Kg6 55. Ra8 Rb4+ 56. Kf3 f6 57. Ra5 g4+ 58. Kg3 f5 59. Ra8 Rb3+ 60. Kf2 Kg5 61. Ra4 g3+ 62. Ke2 f4 63. Ra8 f3+ 64. Kd2 f2 65. Rg8+ Kf4 66. Rf8+ Ke4 67. Re8+ Kf3 68. Rf8+ Kg2 0-1

[Event "Late-Titled-Tuesday-Blitz-February-20-2024"]
[Site "Chess.com"]
[Date "2024.02.20"]
[Round "10"]
[White "wild3000"]
[Black "nindjaxx8"]
[Result "1/2-1/2"]
[WhiteElo "2403"]
[BlackElo "2598"]
[TimeControl "180+1"]
[EndTime "15:55:41 PST"]
[Termination "Game drawn - insufficient material"]

1. d4 d5 2. e3 Nf6 3. Nf3 e6 4. Be2 Be7 5. O-O O-O 6. b3 b6 7.
Bb2 Bb7 8. c4 Nbd7 9. Nbd2 c5 10. Ne5 Ne4 11. Nxe4 dxe4 12. Nxd7 Qxd7 13. dxc5 Qxd1 14.
Rfxd1 Bxc5 15. Rd7 Bc6 16. Rc7 Rfc8 17. Rxc8+ Rxc8 18. Rd1 a5 19. Kf1 h6 20. h4 a4 21. Bc3 axb3 22.
axb3 Be7 23. Ra1 Bxh4 24. Ra6 Bd8 25. Bd4 Bb7 26. Ra7 Bc6 27. Ra6 Rb8 28. b4 Bd7 29.
Be5 Rc8 30. b5 Bxb5 31. cxb5 Rc1+ 32. Bd1 Rxd1+ 33. Ke2 Rd5 34. Bd4 Kh7 35. Bxb6 Be7 36. Bd4 Rxb5 37. Ra7 Bf6 38. Rxf7 Bxd4 39. exd4 Kg6 40.
Rd7 Kf6 41. Ke3 Rb2 42. Rd6 Kf5 43. Rd7 g5 44. g4+ Kxg4 45. Kxe4 Re2+ 46. Kd3 Rxf2 47.
Re7 Rf6 48. Ke4 h5 49. Ke5 Rh6 50. Rxe6 Rxe6+ 51. Kxe6 h4 52. d5 h3 53. d6 h2 54.
d7 h1=Q 55. d8=Q Qe4+ 56. Kf6 Qf5+ 57. Kg7 Kh4 58. Kh6 Qf4 59. Qe7 Kg4 60. Qe2+ Kf5 61. Qd3+ Kf6 62. Qc3+ Kf5 63. Qd3+ Kg4 64. Qe2+ Kh4 65.
Qe1+ Kh3 66. Qc3+ Kg2 67. Qc2+ Kf3 68. Qd3+ Kf2 69. Qc2+ Ke1 70. Qb1+ Ke2 71. Qc2+ Ke3 72. Qc1+ Ke4 73. Qc4+ Ke5 74. Qc7+ Kf6 75. Qc6+ Kf5 76. Qg6+ Kg4 77. Qh5+ Kf5 78. Qg6+ Kg4 79. Qh5+ Kg3 80. Qxg5+ Qxg5+ 81. Kxg5 1/2-1/2

[Event "Late-Titled-Tuesday-Blitz-February-20-2024"]
[Site "Chess.com"]
[Date "2024.02.20"]
[Round "10"]
[White "WilsonPalencia21"]
[Black "MarcoRiehle"]
[Result "1-0"]
[WhiteElo "2560"]
[BlackElo "2830"]
[TimeControl "180+1"]
[EndTime "15:55:42 PST"]
[Termination "WilsonPalencia21 won by resignation"]

1. d4 d5 2. c4 e6 3. Nf3 Nf6 4. Nc3 dxc4 5. e3 a6 6. Bxc4 b5 7. Be2 Bb7 8. O-O c5 9. dxc5 Bxc5 10. Qxd8+ Kxd8 11. Ne5 Ke7 12. a3 Nbd7 13. Nxd7 Nxd7 14. b4 Bd6 15. Bb2 Rac8 16. Rac1 Rc7 17. Nb1 f6 18. Rxc7 Bxc7 19. Rc1 Rc8 20. g3 Be5 21. Rxc8 Bxc8 22.
Bxe5 Nxe5 23. f4 Nd7 24. Nc3 Bb7 25. Bd3 g6 26. Kf2 e5 27. Bc2 Nb6 28. Bb3 Kd6 29. e4 g5 30. fxg5 fxg5 31. Ke3 h6 32. Bg8 Bc8 33. Bd5 Be6 34. Bb7 Nc4+ 35. Kd3 Nxa3 36. Bxa6 Kc6 37. Nd5 Bxd5 38. exd5+ Kxd5 39. Bb7+ Ke6 40. Bc6 Kd6 41. Bb7 Nc4 42. Ke4 Nd2+ 43. Kf5 Nf1 44. Kg6 Nxh2 45. Kxh6 g4 46. Kg5 Ke6 47.
Bc6 Nf3+ 48. Kxg4 Nd4 49. Be4 Kd6 50. Kg5 Ne6+ 51. Kf6 Nc7 52. g4 Na6 53. g5 Nxb4 54. g6 Na6 55. g7 Nc5 56. Bf5 b4 57. g8=Q b3 58. Qc4 b2 59. Qb4 e4 60. Bxe4 b1=Q 61. Bxb1 Kd5 62. Ba2+ Kc6 63. Qc4 Kb6 64. Ke5 Nb7 65.
Kd5 Ka7 66. Qa4+ Kb6 67. Bc4 Kc7 68. Qc6+ Kb8 69. Ba6 Nd8 70. Qc8+ Ka7 71. Qxd8 1-0

[Event "Late-Titled-Tuesday-Blitz-February-20-2024"]
[Site "Chess.com"]
[Date "2024.02.20"]
[Round "10"]
[White "Herman-NY"]
[Black "karinachess1"]
[Result "0-1"]
[WhiteElo "2511"]
[BlackElo "2654"]
[TimeControl "180+1"]
[EndTime "15:55:42 PST"]
[Termination "karinachess1 won by checkmate"]

1. e4 e5 2. Nf3 Nc6 3. Bb5 Nf6 4. d3 d6 5. c3 Bd7 6. Nbd2 g6 7. Nf1 Bg7 8. Ne3 O-O 9. a4 Kh8 10. a5 a6 11. Bc4 Qe8 12. h4 h5 13. Ng5 Ne7 14.
Bd2 c6 15. Ba2 d5 16. Qf3 Ng4 17. exd5 Nxe3 18. fxe3 Bg4 19. Qf2 cxd5 20. e4 f6 21. Nf3 dxe4 22. dxe4 Qc6 23. Qe2 Rad8 24. O-O Rd7 25.
Kh1 Rfd8 26. Be1 Bh6 27. Bb3 Qc7 28. Ba4 Nc6 29. b4 Kg7 30. Qf2 Rd6 31. Nh2 Bc8 32.
Bb3 Qe7 33. Qg3 Rd3 34. Rf3 Bf4 35. Qf2 Rxf3 36. Nxf3 Bg4 37. Bd5 Qc7 38. Nh2 Bc8 39. Bd2 Ne7 40. Bxf4 exf4 41. c4 Nxd5 42. cxd5 Qe5 43.
Re1 g5 44. Nf3 Qe7 45. hxg5 fxg5 46. e5 g4 47. Nd4 Rf8 48. d6 Qg5 49. e6 g3 50. Qf3 Qh4+ 51. Kg1 Qh2+ 52. Kf1 Rf6 53. d7 Bxd7 54. exd7 Rd6 55. Re7+ Kf6 56. Re6+ Rxe6 57. Nf5 Qh1# 0-1

[Event "Late-Titled-Tuesday-Blitz-February-20-2024"]
[Site "Chess.com"]
[Date "2024.02.20"]
[Round "10"]
[White "Bilan_Danila"]
[Black "MrKGG1"]
[Result "0-1"]
[WhiteElo "2468"]
[BlackElo "2597"]
[TimeControl "180+1"]
[EndTime "15:55:44 PST"]
[Termination "MrKGG1 won by resignation"]

1. d4 c6 2. Nf3 d5 3. c4 Nf6 4.
Nc3 e6 5. Bg5 Be7 6. e3 h6 7.
Bh4 Nbd7 8. Bd3 O-O 9. O-O dxc4 10. Bxc4 b5 11. Bd3 Bb7 12. Rc1 a6 13. Ne4 Rc8 14. Nc5 Nxc5 15. dxc5 a5 16. a3 a4 17. Qe2 Qa5 18. Ne5 Rfd8 19. Rfd1 Rd5 20. f4 Rcd8 21. Be1 Qc7 22. Bb4 Nd7 23. e4 Rd4 24. Nf3 Nxc5 25. Bxc5 Bxc5 26. Nxd4 Bxd4+ 27. Kh1 Qxf4 28. Qf3 Qe5 29. Rf1 Rd7 30. Bb1 Bxb2 31. Rcd1 Bd4 32. Rd2 c5 33. Rc2 Qxe4 34. Qxe4 Bxe4 35.
Re2 Bxb1 36. Rxb1 Rb7 37. Rd2 Bc3 38. Rd8+ Kh7 39. Rd3 Bd4 40. g3 e5 41. Kg2 e4 42.
Rdd1 f5 43. g4 f4 44. Rf1 f3+ 45. Kg3 b4 46. Kf4 b3 47. Kxe4 f2 48. Kd3 Re7 49. Kc4 Re2 50. Rbd1 Ra2 51. Rxd4 cxd4 52. Kxd4 Rxa3 53.
Rxf2 Ra2 54. Rf1 b2 55. Kc3 a3 0-1

[Event "Late-Titled-Tuesday-Blitz-February-20-2024"]
[Site "Chess.com"]
[Date "2024.02.20"]
[Round "10"]
[White "Cambek64"]
[Black "rhungaski"]
[Result "0-1"]
[WhiteElo "2448"]
[BlackElo "2605"]
[TimeControl "180+1"]
[EndTime "15:55:45 PST"]
[Termination "rhungaski won on time"]

1. e4 c5 2. Nc3 Nc6 3. d3 d6 4. Be3 g6 5. d4 cxd4 6. Bxd4 Nf6 7. Bxf6 exf6 8. Bc4 Bg7 9. Nge2 O-O 10. O-O f5 11. exf5 Bxf5 12. Bb3 Rc8 13. Ng3 Nd4 14. Nxf5 Nxf5 15. Qf3 Bxc3 16. bxc3 Qc7 17. Rad1 Qxc3 18. Qxb7 Rc7 19. Qd5 h5 20. Rd3 Qe5 21. Rfd1 Kg7 22. g3 Rfc8 23. h4 Rc5 24. Qxf7+ Kh6 25. Qe6 a5 26.
Qxe5 dxe5 27. Re1 R8c7 28. Kg2 Kg7 29. Re4 Kf6 30. Ra4 Nd4 31. Rdxd4 exd4 32. Rxd4 Re5 33. a4 Rc3 34. Rd6+ Kg7 35. Rd2 Re1 36. Rd5 Rc6 37.
Rxa5 Re2 38. Kf3 Rd2 39. Ke3 Rd1 40. Re5 Re1+ 41. Kd4 Rf1 42. f4 Rf3 43. Re3 Rd6+ 44. Ke4 Rf2 45. a5 Ra6 46. Rd3 Rxa5 47. c4 Ra7 0-1

[Event "Late-Titled-Tuesday-Blitz-February-20-2024"]
[Site "Chess.com"]
[Date "2024.02.20"]
[Round "10"]
[White "ImportedItalianMaple"]
[Black "carloseduar100"]
[Result "0-1"]
[WhiteElo "2489"]
[BlackElo "2388"]
[TimeControl "180+1"]
[EndTime "15:55:48 PST"]
[Termination "carloseduar100 won on time"]

1. Nf3 Nf6 2. g3 g6 3. Bg2 Bg7 4. O-O O-O 5. d4 d6 6. c4 Nbd7 7. Nc3 e5 8. e4 a6 9. h3 c6 10. d5 cxd5 11. cxd5 b5 12. b4 Nb6 13. Nd2 Bd7 14.
Qb3 Qc8 15. Kh2 Qb7 16. Bb2 Rac8 17. Rfc1 Nc4 18. Nxc4 Rxc4 19. Bf1 Rfc8 20. Bxc4 Rxc4 21. Re1 Qc8 22. g4 Bh6 23. f3 Bd2 24. Rec1 Bxc1 25. Rxc1 h5 26. Ne2 Rxc1 27. Bxc1 hxg4 28. hxg4 Bxg4 29. fxg4 Qxg4 30. Ng3 Qh4+ 31. Kg2 Nxe4 32. Nxe4 Qxe4+ 33. Kf2 f5 34. Bg5 Qd4+ 35. Be3 Qh4+ 36. Ke2 f4 37. Bb6 Qh2+ 38. Kd1 g5 39. Qd3 Qh1+ 40.
Kc2 e4 41. Qc3 Qg2+ 42. Kb1 Qf1+ 43. Kb2 Qe2+ 44. Kb3 Qd1+ 45. Ka3 Qxd5 46. Qc8+ Kf7 47. Qd7+ Kg6 48. Qe8+ Kh7 49. Qe7+ Kh6 50. Qf6+ Kh5 51. Bd8 e3 52. Qh8+ Kg4 53. Qh2 Qd3+ 54. Kb2 e2 55.
Qg2+ Kf5 56. Qxg5+ Ke4 57. Qg6+ Ke3 58. Qe6+ Kd2 0-1

[Event "Late-Titled-Tuesday-Blitz-February-20-2024"]
[Site "Chess.com"]
[Date "2024.02.20"]
[Round "10"]
[White "KaydenTroffChess"]
[Black "ahkashefi2800"]
[Result "1-0"]
[WhiteElo "2820"]
[BlackElo "2573"]
[TimeControl "180+1"]
[EndTime "15:55:49 PST"]
[Termination "KaydenTroffChess won on time"]

1. d4 d5 2. Nf3 Nf6 3. Bf4 Bf5 4. e3 c6 5. Bd3 Bg6 6. Ne5 e6 7. Nd2 Bd6 8. Qf3 Qc7 9. Qh3 Bxd3 10. cxd3 Nbd7 11. Ndf3 Qa5+ 12. Ke2 Qb4 13. Rab1 Be7 14.
g4 Nxe5 15. Bxe5 O-O-O 16. g5 Ne8 17. g6 f5 18. gxh7 Nf6 19. Ng5 Qa4 20. Rhc1 Kd7 21. Bxf6 Bxf6 22. Nf7 Qxa2 23. Nxh8 Rxh8 24. Qh5 Ke7 25.
Kf3 Qb3 26. Rc3 Qb6 27. b4 a6 28. Rcc1 Qd8 29. Rg1 Qe8 30. Rg6 Kd7 31. Rbg1 Kc8 32.
Qh3 Qf8 33. Ke2 Kb8 34. R6g2 Qxb4 35. Rxg7 Bxg7 36. Rxg7 Ka7 37. Rg8 Qb2+ 38. Kf3 Qb1 39. Rxh8 Qh1+ 40. Kf4 e5+ 41. Kxe5 Qb1 42. Re8 Qxd3 43.
h8=Q Qe4+ 44. Kd6 Qh1 45. Ra8+ Kb6 46. Qd8+ Kb5 47. Rb8 Kc4 48. Rxb7 Qe4 49. Qa5 Kd3 50. Qa3+ Ke2 51. Rb2+ Ke1 52. Qa1+ 1-0

[Event "Late-Titled-Tuesday-Blitz-February-20-2024"]
[Site "Chess.com"]
[Date "2024.02.20"]
[Round "10"]
[White "BogdanDeac"]
[Black "Hikaru"]
[Result "1/2-1/2"]
[WhiteElo "3056"]
[BlackElo "3237"]
[TimeControl "180+1"]
[EndTime "15:55:51 PST"]
[Termination "Game drawn by agreement"]

1. d4 a6 2. e4 b5 3. a4 b4 4. Bd3 e6 5. Nf3 c5 6. d5 exd5 7. exd5 d6 8. a5 Nf6 9. O-O Be7 10. c3 O-O 11. cxb4 cxb4 12. Qb3 Nbd7 13. Qxb4 Nxd5 14. Bxh7+ Kxh7 15. Qe4+ Kg8 16. Qxd5 Rb8 17. Nc3 Nc5 18. Qd1 Bf6 19. Nd5 Bb7 20. Ra2 Bxd5 21. Qxd5 Rb5 22.
Nd4 Bxd4 23. Qxd4 Nb3 24. Qd3 d5 25. Ra3 Nc5 26. Qd1 d4 27. Re1 Rxa5 28. b4 Rxa3 29. Bxa3 Ne6 30. b5 Re8 31. bxa6 Qa5 32. Bb2 Qxa6 33.
Qg4 Rd8 34. h4 Qa2 35. Bc1 d3 36. Be3 d2 37. Rd1 Qc2 38. h5 Kh7 39. Qe2 Nd4 40. Bxd4 Rxd4 41. g3 f5 42. Kg2 f4 43. gxf4 Qc6+ 44.
f3 Qc2 45. Kg3 Qf5 46. Qe5 Qd3 47. f5 Qb3 48. Qe2 Qb8+ 49. Kg2 Qf4 50. Qe6 Qg5+ 51. Kf2 Qxh5 52. Ke3 Rd8 53. Qg6+ Qxg6 54. fxg6+ Kxg6 55. Rxd2 Re8+ 56. Kf2 Kf5 57. Rd4 Kg6 58. Rg4+ Kh7 59. Re4 1/2-1/2

[Event "Late-Titled-Tuesday-Blitz-February-20-2024"]
[Site "Chess.com"]
[Date "2024.02.20"]
[Round "10"]
[White "Bkmzzzzz"]
[Black "Felix-Rose"]
[Result "0-1"]
[WhiteElo "2367"]
[BlackElo "2273"]
[TimeControl "180+1"]
[EndTime "15:55:51 PST"]
[Termination "Felix-Rose won on time"]

1. e4 c5 2. Nf3 g6 3. c4 Nc6 4. d4 cxd4 5. Nxd4 Nf6 6. Nc3 d6 7. Be2 Nxd4 8. Qxd4 Bg7 9. O-O O-O 10.
Qd3 Nd7 11. Be3 Nc5 12. Qc2 a5 13. Rfd1 b6 14. f3 Be6 15. Nb5 a4 16. Bd4 f6 17. b3 Bd7 18. Nc3 a3 19. Nd5 Bc6 20. Bc3 Bxd5 21. Rxd5 Qc8 22. Rad1 Qc6 23. Bb4 Ne6 24. g3 Nc7 25. R5d2 f5 26. Bd3 b5 27. cxb5 Qb6+ 28. Kg2 fxe4 29. Bxe4 Rac8 30. Qc4+ Kh8 31. Qe2 Nxb5 32. Bd5 Bf6 33. Qe6 Nd4 34. Rxd4 Bxd4 35. Bxa3 Bf6 36. Rd2 Ra8 37. Bxa8 Rxa8 38. Bc1 Qc7 39.
Qe2 Qxc1 40. Rc2 Qa1 41. h4 Qe5 42. Qd3 Qe6 43. a4 Rb8 44. a5 Rxb3 45. Qa6 Qe1 46. Qc8+ Kg7 47. Qc6 Qd1 48. a6 Ra3 49. Qc7 Qxf3+ 0-1